Unix NetHack Version 5.0.0-0 post-release - last build May 31 2026 23:59:36 (970b52f25bf058293b47ddfd14a1e40e571c508c,branch:main).

Game began 2026-06-01 21:40:47, ended 2026-06-01 22:24:14.

DaveT, lawful male human Priest

                          -----------          ----
                          |.........|   -------->.--
                          |.........|   |..........|
                          |.........|   |.-.-----`.|
                          |....<....|   |...|...|..|
                          |.........|   |-*........|
                          |.........|   |..|.......|
                          |.........|   |.--..----.|
                          |.........|  --.|..*.....|
                          |q------------*....-.---.|
                          |.@...........^..-...|`..|
                          ----------------.........|
                                         |..|..-----
                                         -------

DaveT the Adept              St:15 Dx:10 Co:18 In:8 Wi:13 Ch:12  Lawful
Dlvl:4  $:3368 HP:0(82) Pw:102(102) AC:-1 Xp:8 T:8755  Burdened

Latest messages:
 In what direction? y
 Whammm!!
 In what direction? y
 As you kick the door, it crashes open!
 You hit the jaguar!
 The jaguar misses!
 The jaguar misses!
 The jaguar misses!
 The jaguar hits!
 The jaguar hits again!
 The jaguar misses!
 You hit the jaguar!
 The jaguar hits!
 The jaguar hits again!
 The jaguar bites!
 You hit the jaguar!
 The jaguar misses!
 The jaguar hits!
 The jaguar bites!
 You hit the jaguar!
 The jaguar misses!
 The jaguar misses!
 The jaguar bites!
 The jaguar misses!
 The jaguar hits!
 The jaguar misses!
 You kill the jaguar!
 You kill the jackal!
 You hit the leocrotta!
 The leocrotta hits!
 The leocrotta just misses!
 The leocrotta hits!
 You hit the leocrotta!
 The leocrotta misses!
 The leocrotta misses!
 The leocrotta hits!
 You hit the leocrotta!
 The leocrotta misses!
 The leocrotta bites!
 The leocrotta misses!
 The leocrotta hits!
 The leocrotta bites!
 The leocrotta hits!
 You miss the leocrotta.
 The leocrotta hits!
 The leocrotta bites!
 The leocrotta hits!
 You die...
 Do you want your possessions identified? [ynq] (y) y
 Do you want to see your attributes? [ynq] (y) q

Inventory:
 Coins    ('$')
  $ - 3368 gold pieces
 Amulets  ('"')
  K - an amulet versus poison (being worn)
 Weapons  (')')
  r - 15 +0 arrows (in quiver)
  N - 8 +0 ya
  R - 3 blessed +0 darts
  L - 6 +0 darts
  W - a +0 dagger
  V - a blessed +1 elven dagger
  Q - a blessed +0 orcish dagger
  j - 2 +0 orcish daggers
  X - a +0 aklys
  a - a blessed +3 mace (weapon in right hand)
 Armor    ('[')
  n - a blessed +1 orcish helm (being worn)
  c - a +0 small shield (being worn)
  z - a blessed +0 mummy wrapping
  l - a +0 mummy wrapping
  b - a +0 robe (being worn)
  s - a +0 banded mail (being worn)
 Comestibles  ('%')
  e - a clove of garlic
  q - 5 food rations
  f - 2 sprigs of wolfsbane
  D - a lizard corpse
 Scrolls  ('?')
  h - a cursed scroll of confuse monster
  u - a scroll of create monster
  C - 2 scrolls of earth
  w - a cursed scroll of identify
  G - a scroll of light
  B - a cursed scroll of light
  x - 2 scrolls of teleportation
 Potions  ('!')
  t - a potion of booze
  S - a cursed potion of extra healing
  T - a potion of healing
  M - a cursed potion of monster detection
  Z - a potion of oil
  I - a cursed potion of sickness
  d - 3 potions of holy water
  o - 2 potions of water
  p - a potion of water
 Rings    ('=')
  U - a ring of free action (on left hand)
  O - a +1 ring of gain strength
 Wands    ('/')
  E - a wand of cold (0:5)
  m - a wand of fire (0:5)
  Y - a wand of fire (0:1)
  J - a wand of polymorph (0:6)
  P - a wand of teleportation (0:5)
 Tools    ('(')
  i - an oil lamp
  v - a +0 pick-axe
  g - a +0 unicorn horn
 Gems/Stones  ('*')
  A - a fluorite stone
  y - a worthless piece of black glass
  F - 2 worthless pieces of blue glass
  H - a worthless piece of white glass

DaveT the Priest's attributes:

Background:
 You were an Adept, a level 8 human Priest.
 You were lawful, nominally on a mission for Issek
 who was opposed by Mog (neutral) and Kos (chaotic).
 You were right-handed.
 You were in Sokoban, on level 4.
 You entered the dungeon 8755 turns ago.
 It was nighttime.
 There was a full moon in effect when your adventure ended.
 You had 1586 experience points, 974 more were needed to attain level 9.

Basics:
 You had 0 out of 82 hit points.
 You had all 102 energy points (spell power).
 Your armor class was -1.
 Your wallet contained 3368 zorkmids.
 Autopickup was off.

Final Characteristics:
 Your strength was 15 (peak:16, limit:18/100).
 Your dexterity was 10 (peak:11, limit:18).
 Your constitution was 18 (limit:18).
 Your intelligence was 8 (limit:18).
 Your wisdom was 13 (limit:18).
 Your charisma was 12 (limit:18).

Final Status:
 You weren't hungry.
 You were burdened; movement was slightly slowed.
 You were wielding a mace.
 You had expert skill with mace.

Final Attributes:
 You were piously aligned.
 You were poison resistant.
 You were telepathic.
 You were guarded.
 Your spell casting was impaired by metallic armor, mitigated by your robe.
 You were fast.
 You had free action.
 You were unlucky.
 You are dead.

Miscellaneous:
 You didn't encounter any bones levels.
 Total elapsed playing time was 43 minutes and 24 seconds.

Major events:
 Turn
    1: DaveT the lawful human Priest entered the dungeon
  918: attained the rank of Acolyte (level 3)
 2644: entered the Gnomish Mines
 2960: attained the rank of Adept (level 6)
 5559: reached Mine Town
 7304: entered Sokoban
 7653: completed 1st Sokoban level
 8717: completed 2nd Sokoban level
 8755: killed by a leocrotta

Spells:
 Name                 Level Category     Fail Retention
 healing                1   healing       64%   51%-75%
 detect food            2   divination   100%   51%-75%
 magic missile          2   attack       100%   51%-75%
 light                  1   clerical      78%   61%-70%
 sleep                  3   enchantment  100%  76%-100%
 cure sickness          3   healing      100%  76%-100%

Skills:
 Fighting Skills
   bare handed combat [Unskilled]
 Weapon Skills
   club               [Unskilled]
   mace               [Expert]
   morning star       [Unskilled]
   flail              [Unskilled]
   hammer             [Unskilled]
   quarterstaff       [Unskilled]
   polearms           [Unskilled]
   spear              [Unskilled]
   trident            [Unskilled]
   lance              [Unskilled]
   bow                [Unskilled]
   sling              [Unskilled]
   crossbow           [Unskilled]
   dart               [Unskilled]
   shuriken           [Unskilled]
   boomerang          [Unskilled]
   unicorn horn       [Unskilled]
 Spellcasting Skills
   healing spells     [Unskilled]
   divination spells  [Unskilled]
   clerical spells    [Basic]

Voluntary challenges:
 Character rerolling was not enabled.
 You were an atheist.
 You never genocided any monsters.
 You never polymorphed an object.
 You never changed form.
 You used no wishes.
 You violated the special Sokoban rules thrice.
Achievements:
 You attained the rank of Acolyte.
 You entered a shop.
 You entered the Gnomish Mines.
 You attained the rank of Adept.
 You entered Minetown.
 You entered Sokoban.

 The Dungeons of Doom: levels 1 to 7
    Level 1:
       A fountain.
    Level 2: "empty vault"
    Level 3: "empty vault"
       A potion shop.
    Level 4:
       Some fountains.
       Stairs down to The Gnomish Mines.
    Level 5:
       Many fountains.
    Level 6:
       A general store, a fountain.
       Stairs up to Sokoban, level 5.
    Level 7:
 The Gnomish Mines: levels 5 to 7
    Level 5:
    Level 6:
    Level 7:
 Sokoban: levels 5 up to 4
    Level 4: <- You were here.
       Solved.
       Final resting place for
          you, killed by a leocrotta.
    Level 5:
       Solved.


Vanquished creatures:
  a large mimic
  a warg
  3 small mimics
  a giant beetle
  2 wolves
  a vampire bat
  a dwarf mummy
 an owlbear
  a gold golem
  a lizard
  a dingo
  2 jaguars
  a gray unicorn
  a raven
  a bugbear
  a water nymph
  3 rock moles
  a pony
  4 gnome leaders
  a gnomish wizard
  a kobold mummy
  a golden naga hatchling
  a guardian naga hatchling
  a gray ooze
  a ghoul
  3 giant ants
  a little dog
  4 floating eyes
  2 dwarves
  a homunculus
  2 kobold leaders
  a kobold shaman
 14 hill orcs
  3 rothes
  2 centipedes
  a giant bat
  4 iguanas
 an acid blob
  a gas spore
  3 hobbits
  a large kobold
  4 hobgoblins
  6 cave spiders
 16 gnomes
  a gnome zombie
  9 geckos
 22 jackals
  a kobold
  6 goblins
  9 grid bugs
  a bat
  7 lichens
 11 newts
171 creatures vanquished.

No species were genocided or became extinct.

Game over:
                       ----------
                      /          \
                     /    REST    \
                    /      IN      \
                   /     PEACE      \
                  /                  \
                  |      DaveT       |
                  |     3368 Au      |
                  |   killed by a    |
                  |    leocrotta     |
                  |                  |
                  |                  |
                  |       2026       |
                 *|     *  *  *      | *
        _________)/\\_//(\/(/\)/\//\/|_)_______

Goodbye DaveT the Priest...

You died in Sokoban on dungeon level 4 with 9766 points,
and 3368 pieces of gold, after 8755 moves.
You were level 8 with a maximum of 82 hit points when you died.

